 Dungeon Crawl Stone Soup version 0.15-a0-2172-g9ff0d5b (webtiles) character file.

8153 Bubba the Cleaver (level 11, -7/101 HPs)
             Began as a Grey Draconian Berserker on July 21, 2014.
             Was a High Priest of Trog.
             Mangled by a spiny frog (12 damage)
             ... on Level 2 of the Lair of Beasts.
             The game lasted 00:56:31 (9773 turns).

Bubba the Cleaver (Grey Draconian Berserker)        Turns: 9773, Time: 00:56:31

HP  -7/101       AC 15     Str 24      XL: 11   Next:  6%
MP  12/12        EV 13     Int  4      God: Trog [*****.]
Gold 382         SH  0     Dex 14      Spells:  0 memorised, 10 levels left

rFire  . . .     SeeInvis .     s - +8 war axe "Guabom" {chop, Stlth++}
rCold  . . .     Clarity  .     (armour unavailable)
rNeg   . . .     rCorr    .     (no shield)
rPois  .         rRot     .     (helmet restricted)
rElec  .         Spirit   .     b - +2 cloak of the Monkey {Str+4 Int-5}
SustAb .         Warding  .     (no gloves)
rMut   .         Stasis   .     (no boots)
Gourm  .                        (no amulet)
MR     .....                    (no ring)
                                (no ring)

@: exhausted, slowed, very slow, not resistant to hostile enchantments, stealthy
A: walk through water, unfitting armour, clever 1, unbreathing, cold-blooded, AC
+12
a: Burn Spellbooks, Berserk, Trog's Hand, Brothers in Arms, Renounce Religion


You were on level 2 of the Lair of Beasts.
You worshipped Trog.
Trog was extremely pleased with you.
You were not hungry.

You visited 3 branches of the dungeon, and saw 11 of its levels.
You also visited: Labyrinth and Ossuary.

You collected 822 gold pieces.
You spent 440 gold pieces at shops.

Inventory:

Hand weapons
 p - a +0 blowgun
 s - the +8 war axe "Guabom" (weapon) {chop, Stlth++}
   (Trog gifted it to you on level 6 of the Dungeon)

   It inflicts extra damage upon your enemies.
   It makes you much more stealthy.
 C - a +1 whip of flaming
Missiles
 m - 14 tomahawks (quivered)
 o - 34 poisoned needles
 R - 2 javelins
Armour
 b - the +2 cloak of the Monkey (worn) {Str+4 Int-5}
   (You acquired it on level 5 of the Dungeon)

   It affects your strength (+4).
   It affects your intelligence (-5).
 x - a +1 shield
Magical devices
 y - a wand of polymorph (1)
 D - a wand of polymorph (8)
 J - a wand of flame (12)
 K - a wand of draining (5)
 T - a wand of polymorph (11)
Comestibles
 c - 7 bread rations
 v - 3 meat rations
 L - a fruit
Scrolls
 k - 7 scrolls of identify
 w - 2 scrolls of enchant armour
 z - 2 scrolls of fog
 F - 2 scrolls of teleportation
 O - a scroll of remove curse
 U - a scroll of magic mapping
Jewellery
 q - an uncursed ring of positive energy
 E - an uncursed ring of magical power
 G - an uncursed amulet of clarity
 N - a cursed ring of teleportation {unknown}
Potions
 a - 2 potions of invisibility
 d - 5 potions of curing
 f - 2 potions of restore abilities
 i - 2 potions of cancellation
 j - 3 potions of might
 n - 2 potions of heal wounds
 r - a potion of confusion
 u - a potion of poison
 V - a potion of agility
Books
 g - a Necronomicon {highlevel, unknown}

   This book is beyond your current level of understanding.

   Spells                             Type                      Level
   Haunt                              Necromancy/Summoning         7
   Borgnjor's Revivification          Necromancy                   8
   Death's Door                       Charms/Necromancy            8
   Necromutation                      Transmutation/Necromancy     8
   Trog disapproves of the use of such an item.
 h - a book of Debilitation

   Spells                             Type                      Level
   Corona                             Hexes                        1
   Slow                               Hexes                        2
   Inner Flame                        Hexes/Fire                   3
   Enslavement                        Hexes                        4
   Cause Fear                         Hexes                        4
   Leda's Liquefaction                Hexes/Earth                  4
   Trog disapproves of the use of such an item.
 t - a book of Annihilations {highlevel, unknown}

   This book is beyond your current level of understanding.

   Spells                             Type                      Level
   Poison Arrow                       Conjuration/Poison           6
   Chain Lightning                    Conjuration/Air              8
   Lehudib's Crystal Spear            Conjuration/Earth            8
   Glaciate                           Conjuration/Ice              9
   Fire Storm                         Conjuration/Fire             9
   Trog disapproves of the use of such an item.
 B - a book of the Dragon

   Spells                             Type                      Level
   Flight                             Charms/Air                   3
   Cause Fear                         Hexes                        4
   Bolt of Fire                       Conjuration/Fire             6
   Dragon Form                        Transmutation                7
   Dragon's Call                      Summoning                    9
   Trog disapproves of the use of such an item.
 P - the Handbook of Bewitchment
   (You found it in a labyrinth)

   Spells                             Type                      Level
   Corona                             Hexes                        1
   Confusing Touch                    Hexes                        2
   Spectral Weapon                    Hexes/Charms                 3
   Confuse                            Hexes                        3
   Enslavement                        Hexes                        4
   Trog disapproves of the use of such an item.
Miscellaneous
 e - a fan of gales
 Q - a box of beasts
Rods
 I - a +5 rod of ignition (14/14)
   (You took it off a minotaur in a labyrinth)
 M - a +0 rod of inaccuracy (10/10)
   (You found it in a labyrinth)


   Skills:
 + Level 10.8 Fighting
 + Level 11.7 Axes
   Level 2.1 Slings
 - Level 2.7 Dodging
 + Level 7.9 Shields
 + Level 0.7 Evocations


You had 10 spell levels left.
You didn't know any spells.

Dungeon Overview and Level Annotations

Branches:
Dungeon (8/15)             Temple (1/1) D:6            Lair (2/8) D:8

Altars:
Ashenzari
Cheibriados
Dithmenos
Elyvilon
Fedhas
Gozag
Kikubaaqudgha
Makhleb
Nemelex Xobeh
Okawaru
Qazlal
Sif Muna
Trog
Vehumet
Xom
Yredelemnul
Zin
The Shining One

Shops:
D:4 [   D:5 [(**   D:8 *


Innate Abilities, Weirdness & Mutations

You can walk through water.
Your dull iron-grey scales are very hard (AC +12).
Your body does not fit into most forms of armour.
You can survive without breathing.
Your cold-blooded metabolism reacts poorly to cold.
Your mind is acute. (Int +2)


Message History

You finish butchering the electric eel corpse.
l - a chunk of electric eel flesh Eat a chunk of electric eel flesh? (ye/n/q/i?) This raw flesh tastes terrible.
You continue eating.
The spiny frog croaks.
You continue eating.
The spiny frog closely misses you.
The spiny frog stings you but does no damage.
The spiny frog stings you but does no damage.
The spiny frog closely misses you. The spiny frog stings you.
* * * LOW HITPOINT WARNING * * *
The spiny frog barely misses you. The spiny frog stings you.
* * * LOW HITPOINT WARNING * * *
The spiny frog misses you.
You see here an electric eel corpse.
You slash the spiny frog!
Your tail-slap misses the spiny frog.
The spiny frog is heavily wounded.
The spiny frog stings you!
You die...

...PP.....P≈P≈....#.#..)...#
+...≈≈≈≈..PP≈≈≈.#...........P
#..≈PPPP≈≈P≈≈≈.#...........'
#≈≈≈≈≈≈≈≈≈≈≈P.#.P.........#
#P≈P≈PP≈P≈≈≈≈.#............
#≈≈≈≈≈≈≈P≈≈≈.............P
♣≈≈≈≈≈≈≈≈≈P≈♣.P..........#
♣≈≈≈≈≈≈≈≈F≈≈♣....###.#.###
♣♣≈≈≈≈≈≈≈@≈P♣.#..# #####
♣≈≈≈≈≈≈≈≈≈♣♣...## ♣♣≈≈≈≈≈≈≈≈♣
...# ♣P≈≈≈≈≈♣♣♣ ... ♣♣≈≈≈≈♣♣


PPP ♣♣♣♣♣♣ . You could see a spiny frog.

Vanquished Creatures
  A hydra (Lair:1)
  2 black mambas
  5 spiny frogs
  2 trapdoor spiders (Lab)
  Eustachio (D:7)
  A hill giant skeleton (D:8)
  Menkaure (D:7)
  The ghost of Tolias the Scratcher, an average FeWn (D:4)
  A water moccasin (Lair:1)
  2 porcupines (Lair:1)
  An orc warrior (D:8)
  3 ice beasts
  A dwarf (Lair:1)
  A sky beast (D:7)
  A yellow wasp (Lair:1)
  2 ogres (D:8)
  5 centaurs
  Sigmund (D:6)
  A big kobold (D:8)
  9 giant frogs
  3 killer bees (D:8)
  3 scorpions
  3 electric eels (Lair:2)
  2 jellies (D:7)
  A goliath beetle (D:6)
  3 crimson imps (D:8)
  4 orc priests
  7 hounds
  3 orc wizards
  A quasit (D:7)
  2 worker ants
  6 sheep (Lair:2)
  Ijyb (D:4)
  A hound zombie (D:6)
  A hound skeleton (D:5)
  8 mummies (Ossuary)
  6 gnolls (D:5)
  7 giant mites
  14 adders
  18 green rats
  A shadow imp (D:5)
  An inept item mimic (D:2)
  3 worms
  An ooze (D:3)
  27 orcs
  2 ball pythons (D:6)
  14 bats
  A bat zombie (D:5)
  3 giant cockroaches
  19 goblins
  15 hobgoblins
  7 giant geckos
  15 giant newts
  3 hobgoblin zombies
  5 jackals
  25 kobolds
  3 kobold zombies (Ossuary)
  3 orc zombies (Ossuary)
  12 rats
  A bush (Lair:1)
  A butterfly (Lair:1)
  A fungus (Lair:1)
  4 plants
303 creatures vanquished.

Vanquished Creatures (collateral kills)
  A minotaur (Lab)
  A giant frog (D:6)
2 creatures vanquished.

Vanquished Creatures (others)
  A bush (Lair:1)
  3 fungi (Lair:1)
  A plant (Lair:1)
5 creatures vanquished.

Grand Total: 310 creatures vanquished

Notes
Turn   | Place    | Note
--------------------------------------------------------------
     0 | D:1      | Bubba, the Draconian Berserker, began the quest for the Orb.
     0 | D:1      | Reached XP level 1. HP: 19/19 MP: 1/1
    98 | D:1      | Reached XP level 2. HP: 21/26 MP: 2/2
   235 | D:1      | Acquired Trog's second power
   681 | D:2      | Reached skill level 4 in Fighting
   681 | D:2      | Reached XP level 3. HP: 33/33 MP: 3/3
  1078 | D:2      | Reached XP level 4. HP: 41/41 MP: 4/4
  1603 | D:3      | Reached skill level 5 in Fighting
  1791 | D:3      | Reached XP level 5. HP: 41/48 MP: 5/5
  1961 | D:3      | Acquired Trog's third power
  2357 | D:4      | Noticed Tolias' ghost (average FeWn)
  2367 | D:4      | Killed Tolias' ghost
  2367 | D:4      | Reached skill level 5 in Axes
  2367 | D:4      | Reached skill level 1 in Slings
  2376 | D:4      | Found Creg's Antique Armour Boutique.
  2391 | D:4      | Bought a shield for 117 gold pieces
  2576 | D:4      | Reached XP level 6. HP: 56/56 MP: 6/6
  2689 | D:4      | Found a shimmering altar of Xom.
  2817 | D:4      | Gained mutation: Your flesh is heat resistant. [potion of mutation]
  2817 | D:4      | Gained mutation: You are agile. (Dex +2) [potion of mutation]
  2817 | D:4      | Gained mutation: Your muscles are strong. (Str +2) [potion of mutation]
  2928 | D:4      | Noticed Ijyb
  2944 | D:4      | Killed Ijyb
  3357 | D:5      | Entered Level 5 of the Dungeon
  3398 | D:5      | Reached skill level 6 in Fighting
  3399 | D:5      | Found Craogayr's Antique Armour Shoppe.
  3503 | D:5      | Reached skill level 1 in Shields
  3780 | D:5      | Your scales start taking on a dull iron-grey colour.
  3780 | D:5      | Gained mutation: You can survive without breathing. [draconian maturity]
  3780 | D:5      | Reached XP level 7. HP: 64/64 MP: 7/7
  3896 | D:5      | Found Veynteoz's Assorted Antiques.
  4107 | D:5      | Found Golacy's Antique Weapon Emporium.
  4252 | D:5      | Found Koocymuy's General Store.
  4423 | D:6      | Found a basalt altar of Yredelemnul.
  4457 | D:6      | Found an ancient bone altar of Kikubaaqudgha.
  4474 | D:6      | Found a sand-covered staircase.
  4485 | Ossuary  | Entered an ossuary
  4839 | D:5      | Bought a fine hand axe for 152 gold pieces
  4841 | D:5      | Identified the cursed -2 hand axe of Uhetaar {chop, rN+} (You bought it in a shop on level 5 of the Dungeon)
  4924 | D:5      | Bought a scroll labeled RAMAPI MAWNUIN for 31 gold pieces
  4924 | D:5      | Bought a gluggy red potion for 27 gold pieces
  4924 | D:5      | Bought a metallic orange potion for 27 gold pieces
  4924 | D:5      | Bought 2 silvery potions for 55 gold pieces
  4924 | D:5      | Bought a scroll labeled BLOIJO MEFUSH for 31 gold pieces
  4932 | D:5      | Lost mutation: Your flesh is heat resistant. [potion of cure mutation]
  4932 | D:5      | Lost mutation: You are agile. (Dex +2) [potion of cure mutation]
  4932 | D:5      | Lost mutation: Your muscles are strong. (Str +2) [potion of cure mutation]
  4952 | D:5      | Identified a scroll of acquirement
  4953 | D:5      | Got an ancient cloak
  4960 | D:5      | Identified the +2 cloak of the Monkey {Str+4 Int-5} (You acquired it on level 5 of the Dungeon)
  4995 | D:6      | Found a stormy altar of Qazlal.
  5105 | D:6      | Found a snail-covered altar of Cheibriados.
  5163 | D:6      | Reached skill level 7 in Fighting
  5163 | D:6      | Reached XP level 8. HP: 73/73 MP: 8/8
  5238 | D:6      | Found a deep blue altar of Sif Muna.
  5238 | D:6      | Found an opulent altar of Gozag.
  5239 | D:6      | Found an iron altar of Okawaru.
  5290 | D:6      | Gained mutation: You are frail (-10% HP). [potion of mutation]
  5290 | D:6      | Gained mutation: You have a pair of small horns on your head. [potion of mutation]
  5290 | D:6      | Gained mutation: You have large cloven feet. [potion of mutation]
  5291 | D:6      | Lost mutation: You are frail (-10% HP). [potion of cure mutation]
  5291 | D:6      | Lost mutation: You have a pair of small horns on your head. [potion of cure mutation]
  5291 | D:6      | Lost mutation: You have large cloven feet. [potion of cure mutation]
  5432 | D:6      | Found a staircase to the Ecumenical Temple.
  5520 | D:6      | Noticed Sigmund
  5548 | D:6      | Killed Sigmund
  5729 | D:6      | Received a gift from Trog
  5730 | D:6      | Got a polished war axe {god gift}
  5731 | D:6      | Identified the +8 war axe "Guabom" {chop, Stlth++} (Trog gifted it to you on level 6 of the Dungeon)
  6125 | Temple   | Entered the Ecumenical Temple
  6278 | D:7      | Reached skill level 8 in Fighting
  6333 | D:7      | Noticed Eustachio
  6357 | D:7      | Killed Eustachio
  6481 | D:7      | Reached XP level 9. HP: 82/82 MP: 9/9
  6543 | D:7      | Found a glowing golden altar of the Shining One.
  6688 | D:7      | Found a radiant altar of Vehumet.
  6694 | D:7      | Noticed Menkaure
  6699 | D:7      | Killed Menkaure
  7068 | D:8      | Reached skill level 5 in Shields
  7115 | D:8      | Found a burning altar of Makhleb.
  7118 | D:8      | Found a glowing silver altar of Zin.
  7118 | D:8      | Noticed an angel
  7119 | D:8      | Noticed an Executioner
  7158 | D:8      | Found a staircase to the Lair.
  7167 | D:8      | Found Irecilume's General Store.
  7242 | D:8      | Reached skill level 9 in Fighting
  7785 | Lair:1   | Entered Level 1 of the Lair of Beasts
  7796 | Lair:1   | Noticed a spiny frog
  7802 | Lair:1   | Killed a spiny frog
  7806 | Lair:1   | Found a labyrinth entrance.
  7857 | Lair:1   | Reached skill level 10 in Axes
  7881 | Lair:1   | Gained mutation: Your mind is acute. (Int +2) [potion of beneficial mutation]
  7883 | Lab      | Entered a labyrinth
  8291 | Lab      | Reached XP level 10. HP: 71/92 MP: 10/10
  8436 | Lab      | Noticed a minotaur
  8448 | Lab      | Killed a minotaur
  8477 | Lab      | Identified the Handbook of Bewitchment (You found it in a labyrinth)
  8571 | Lair:1   | Noticed a spiny frog
  8575 | Lair:1   | Noticed a spiny frog
  8578 | Lair:1   | Noticed a black mamba
  8585 | Lair:1   | Killed a spiny frog
  8585 | Lair:1   | Reached skill level 10 in Fighting
  8599 | Lair:1   | Killed a spiny frog
  8620 | Lair:1   | Killed a black mamba
  8620 | Lair:1   | Received a gift from Trog
  9008 | Lair:1   | Reached skill level 11 in Axes
  9400 | Lair:1   | Noticed a six-headed hydra
  9425 | Lair:1   | Killed a ten-headed hydra
  9739 | Lair:2   | Reached XP level 11. HP: 48/101 MP: 10/12
  9744 | Lair:2   | Noticed a black mamba
  9753 | Lair:2   | Killed a black mamba
  9756 | Lair:2   | HP: 7/151 [poisoned by a black mamba]
  9757 | Lair:2   | HP: 1/101 [poisoned by a black mamba]
  9772 | Lair:2   | HP: 5/101 [spiny frog (3)]
  9773 | Lair:2   | Mangled by a spiny frog

Action                   |  1- 3 |  4- 6 |  7- 9 | 10-12 || total
-------------------------+-------+-------+-------+-------++-------
Melee: Hand axe          |   102 |   228 |   234 |       ||   564
       War axe           |       |       |   153 |   144 ||   297
 Fire: Hunting sling     |       |    16 |     7 |       ||    23
Throw: Tomahawk          |       |       |     1 |    16 ||    17
Invok: Berserk           |     4 |     4 |     9 |     5 ||    22
       Trog's Hand       |       |     1 |       |       ||     1
       Brothers in Arms  |       |       |     1 |     1 ||     2
Evoke: Wand              |       |       |       |     3 ||     3
  Use: Potion            |       |     9 |     9 |     3 ||    21
       Scroll            |       |     8 |    12 |     1 ||    21
 Stab: Sleeping          |       |     1 |    14 |     4 ||    19
  Eat: Chunk             |     2 |     8 |    16 |     4 ||    30
       Meat ration       |     1 |       |     1 |       ||     2
       Beef jerky        |       |     1 |       |       ||     1
       Bread ration      |       |       |     1 |       ||     1
       Pizza             |       |       |     1 |       ||     1
       Fruit             |       |       |       |     6 ||     6
